Condors vs Punishers
Created - December 1, 2024 at 09:31
Goals
|
Condors |
2 |
0 |
0 |
2 |
Punishers |
2 |
0 |
1 |
3 |
|
Shots
|
Condors |
14 |
10 |
4 |
28 |
Punishers |
9 |
12 |
12 |
33 |
|
1st period
1. Condors , Nick Shore 10 (Martin Frk 7) at 12:32
2. Condors , Tyson Jost 9 (Adam Erne 17) at 12:53
3. Punishers , Kurtis Gabriel 6 (Karson Kuhlman 12) at 14:19
4. Punishers , Oskar Lindblom 9 (Karson Kuhlman 13, Niko Mikkola 9) at 19:35 (SH)
Penalties :
Nick Shore (Bak) for Roughing (Minor) at 5:50, Oskar Lindblom (Pro) for Slashing (Minor) at 9:01, Yegor Sharangovich (Bak) for Roughing (Minor) at 14:22, Kurtis Gabriel (Pro) for Cross-checking (Minor) at 19:01
2nd period
No Goal
Penalties :
Adam Ruzicka (Pro) for Holding (Minor) at 10:33
3rd period
5. Punishers , Carson Meyer 3 (Adam Ruzicka 5, Jack Ahcan 3) at 1:57
Penalties :
Ben Betker (Pro) for Holding (Minor) at 2:19, Ryan McLeod (Bak) for High sticking (Double Minor) at 9:23
Goalie Stats
Stuart Skinner (Bak), 30 saves from 33 shots - (0.909), L, 3-7-1, 59:59 minutes
Cal Petersen (Pro), 26 saves from 28 shots - (0.929), W, 2-1-0, 60:00 minutes
Players Stats for Condors
Player Name G A P +/- PIM S H SB GA TA FO MP PP MP PK MP
------------------------------------------------------------------------------------
Adam Erne 0 1 1 0 0 4 3 0 1 0 0/3 21:32 4:19 3:40
Alexander Alexeyev 0 0 0 -2 0 0 6 0 0 1 0/0 20:29 2:55 2:10
Alexandre Carrier 0 0 0 2 0 2 1 0 0 0 0/0 25:58 5:01 4:32
Cody Glass 0 0 0 0 0 0 0 0 1 0 1/1 11:08 0:08 0:00
Connor Hurley 0 0 0 0 0 4 0 1 0 0 4/7 10:28 0:00 0:39
Evan Bouchard 0 0 0 2 0 1 2 3 0 1 0/0 25:28 5:01 4:32
Gustav Olofsson 0 0 0 -2 0 0 0 0 0 2 0/0 20:20 2:55 2:01
Jordan Subban 0 0 0 -1 0 0 0 3 0 0 0/0 12:47 0:00 1:24
Klim Kostin 0 0 0 -1 0 0 2 0 0 0 0/0 17:58 3:29 3:33
Martin Frk 0 1 1 0 0 2 0 0 0 0 0/0 15:29 4:19 0:00
Nick Shore 1 0 1 0 2 1 1 0 0 0 7/16 18:07 4:27 2:37
Nikolai Knyzhov 0 0 0 -1 0 0 1 0 0 0 0/0 12:27 0:00 1:15
Philip Broberg 0 0 0 0 0 0 0 0 0 0 0/0 2:31 0:00 0:00
Pontus Holmberg 0 0 0 0 0 1 1 0 2 1 0/0 8:47 0:00 0:00
Raphael Lavoie 0 0 0 0 0 0 2 0 0 0 0/0 8:23 0:00 0:00
Ryan McLeod 0 0 0 0 4 0 0 0 0 1 0/2 10:50 0:00 1:16
Taro Hirose 0 0 0 0 0 4 3 1 1 0 1/1 11:40 0:08 0:35
Tyson Jost 1 0 1 -1 0 9 2 1 0 1 12/26 18:31 3:29 1:32
Yegor Sharangovich 0 0 0 -1 2 0 0 0 1 0 5/5 19:07 3:29 2:02
Players Stats for Punishers
Player Name G A P +/- PIM S H SB GA TA FO MP PP MP PK MP
------------------------------------------------------------------------------------
Adam Ruzicka 0 1 1 1 2 0 1 1 1 0 5/9 13:55 1:14 1:45
Ben Betker 0 0 0 1 2 1 0 0 0 0 0/0 25:32 4:59 3:32
Ben Meyers 0 0 0 0 0 0 0 0 0 0 2/4 7:12 0:00 0:09
Braden Tracey 0 0 0 1 0 0 1 1 0 0 0/0 9:53 0:31 0:00
Carson Meyer 1 0 1 1 0 4 2 1 1 0 0/0 11:30 1:35 0:00
Daniel Audette 0 0 0 0 0 1 2 1 1 0 4/7 16:25 3:34 2:56
Jack Ahcan 0 1 1 0 0 2 1 1 0 1 0/0 20:10 2:58 3:03
Jesse Ylonen 0 0 0 0 0 1 1 0 0 0 0/0 7:30 0:58 0:00
Karson Kuhlman 0 2 2 0 0 3 1 0 2 0 12/30 23:13 2:09 4:37
Kole Lind 0 0 0 0 0 3 1 1 0 0 0/1 13:01 3:31 0:00
Kurtis Gabriel 1 0 1 -1 2 4 2 1 1 2 2/2 19:24 2:09 1:19
Lassi Thomson 0 0 0 0 0 0 0 0 0 0 0/0 3:37 0:00 0:26
Marcus Karlberg 0 0 0 0 0 0 0 0 0 0 0/0 8:25 1:14 0:09
Nicolas Beaudin 0 0 0 0 0 2 2 0 0 1 0/0 20:54 2:58 3:13
Niko Mikkola 0 1 1 1 0 4 2 1 0 0 0/0 24:56 4:41 4:42
Oskar Lindblom 1 0 1 0 2 7 1 1 1 1 6/8 22:50 2:09 3:34
Rasmus Sandin 0 0 0 0 0 0 0 0 0 0 0/0 13:28 0:18 0:56
Ryan Suzuki 0 0 0 0 0 0 0 0 0 0 0/0 3:51 1:09 0:00
Urho Vaakanainen 0 0 0 0 0 1 0 0 0 1 0/0 11:44 0:00 0:00
Warren Foegele 0 0 0 0 0 0 1 0 0 0 0/0 14:30 3:38 1:23
3 Stars
1 - Carson Meyer (Pro)
2 - Karson Kuhlman (Pro)
3 - Niko Mikkola (Pro)
Power Play
Condors - 0 on 4 Attempt(s) - 0.00%
Punishers - 0 on 4 Attempt(s) - 0.00%
Penalty Kill
Condors - 4 on 4 Attempt(s) - 100.00%
- Score 0 goal in Penalty Kill
Punishers - 4 on 4 Attempt(s) - 100.00%
- Score 1 goal in Penalty Kill
Team Stat
Condors - Hits : 24 - Faceoff Wins : 30 - Blocked Shots : 9 - Penalty Minutes : 8
Punishers - Hits : 18 - Faceoff Wins : 31 - Blocked Shots : 9 - Penalty Minutes : 8
Official
Referees : Graham Skilliter and Reid Anderson
Linesman : Andrew Smith and Brian Mach
Game Notes
19:17 of 3rd period - Punishers goal is going for a video replay. After video review, No Goal. The puck has entered the net after making contact with an attacking player’s stick that is above the height of the crossbar.
Finance
Level 1 -- Attendance: 2000 (100.00%) -- Ticket Income $140,000
Level 2 -- Attendance: 922 (92.20%) -- Ticket Income $36,880
Total Attendance: 2922 (97.40%)
Total Ticket Income: $176,880
Other Income: $8,844
Total Income: $185,724
Condors
5 vs 5 Forward
Center Left Wing Right Wing Time % Phy DF OF
1 Tyson Jost Adam Erne Yegor Sharangovich 40 1 2 2
2 Nick Shore Klim Kostin Martin Frk 30 1 2 2
3 Connor Hurley Taro Hirose Cody Glass 20 1 2 2
4 Ryan McLeod Raphael Lavoie Pontus Holmberg 10 1 2 2
5 vs 5 Defense
Defense Defense Time % Phy DF OF
1 Alexandre Carrier Evan Bouchard 40 1 2 2
2 Gustav Olofsson Alexander Alexeyev 30 1 2 2
3 Jordan Subban Nikolai Knyzhov 20 1 2 2
4 Philip Broberg Alexandre Carrier 10 1 2 2
PowerPlay Forward
Center Left Wing Right Wing Time % Phy DF OF
1 Nick Shore Adam Erne Martin Frk 60 1 2 2
2 Tyson Jost Klim Kostin Yegor Sharangovich 40 1 2 2
PowerPlay Defense
Defense Defense Time % Phy DF OF
1 Alexandre Carrier Evan Bouchard 60 1 2 2
2 Gustav Olofsson Alexander Alexeyev 40 1 2 2
Penalty Kill 4 Players Forward
Center Wing Time % Phy DF OF
1 Nick Shore Adam Erne 60 1 2 2
2 Tyson Jost Klim Kostin 40 1 2 2
Penalty Kill 4 Players Defense
Defense Defense Time % Phy DF OF
1 Alexandre Carrier Evan Bouchard 60 1 2 2
2 Gustav Olofsson Alexander Alexeyev 40 1 2 2
Penalty Kill - 3 Players Forward
Forward Time % Phy DF OF
1 Nick Shore 60 1 2 2
2 Tyson Jost 40 1 2 2
Penalty Kill - 3 Players Defense
Defense Defense Time % Phy DF OF
1 Alexandre Carrier Evan Bouchard 60 1 2 2
2 Gustav Olofsson Alexander Alexeyev 40 1 2 2
4 vs 4 Forward
Center Wing Time % Phy DF OF
1 Nick Shore Adam Erne 60 1 2 2
2 Tyson Jost Klim Kostin 40 1 2 2
4 vs 4 Defense
Defense Defense Time % Phy DF OF
1 Alexandre Carrier Evan Bouchard 60 1 2 2
2 Gustav Olofsson Alexander Alexeyev 40 1 2 2
Last Minutes Offensive
Center Left Wing Right Wing Defense Defense
Nick Shore Adam Erne Martin Frk Alexandre Carrier Evan Bouchard
Last Minutes Defensive
Center Left Wing Right Wing Defense Defense
Nick Shore Adam Erne Martin Frk Alexandre Carrier Evan Bouchard
Goaltenders
Starting : Stuart Skinner
Backup : Jaxson Stauber
Extra Forwards
Normal : Yegor Sharangovich, Klim Kostin, Taro Hirose - PP : Yegor Sharangovich, Klim Kostin - PK : Yegor Sharangovich
Extra Defensemen
Normal : Jordan Subban, Nikolai Knyzhov, Philip Broberg - PP : Jordan Subban - PK : Jordan Subban, Nikolai Knyzhov
Penalty Shots
Adam Erne, Martin Frk, Nick Shore, Tyson Jost, Yegor Sharangovich
Custom OT Lines Forwards
Adam Erne, Martin Frk, Nick Shore, Tyson Jost, Yegor Sharangovich, Klim Kostin, Taro Hirose, Cody Glass, Connor Hurley, Pontus Holmberg
Custom OT Lines Defensemen
Alexandre Carrier, Evan Bouchard, Gustav Olofsson, Alexander Alexeyev, Jordan Subban
Scratches
Cole Cassels (Healthy), Colin White (Healthy), Semyon Der-Arguchintsev (Healthy), Jeremy Gregoire (Healthy), Robin Salo (Healthy)
Filip Kral (Healthy), Brayden Pachal (Healthy), Remi Elie (Healthy), Filip Johansson (Healthy), Lucas Johansen (Healthy)
Cole Fonstad (Healthy), Jack Perbix (Healthy), Filip Cederqvist (Healthy), Michael Dipietro (Healthy)
Punishers
5 vs 5 Forward
Center Left Wing Right Wing Time % Phy DF OF
1 Karson Kuhlman Oskar Lindblom Kurtis Gabriel 40 1 2 2
2 Daniel Audette Warren Foegele Kole Lind 30 1 2 2
3 Adam Ruzicka Braden Tracey Carson Meyer 20 1 2 2
4 Ben Meyers Marcus Karlberg Jesse Ylonen 10 1 2 2
5 vs 5 Defense
Defense Defense Time % Phy DF OF
1 Ben Betker Niko Mikkola 40 1 2 2
2 Nicolas Beaudin Jack Ahcan 30 1 2 2
3 Urho Vaakanainen Rasmus Sandin 20 1 2 2
4 Lassi Thomson Ben Betker 10 1 2 2
PowerPlay Forward
Center Left Wing Right Wing Time % Phy DF OF
1 Karson Kuhlman Oskar Lindblom Kurtis Gabriel 60 1 2 2
2 Daniel Audette Warren Foegele Kole Lind 40 1 2 2
PowerPlay Defense
Defense Defense Time % Phy DF OF
1 Ben Betker Niko Mikkola 60 1 2 2
2 Nicolas Beaudin Jack Ahcan 40 1 2 2
Penalty Kill 4 Players Forward
Center Wing Time % Phy DF OF
1 Oskar Lindblom Karson Kuhlman 60 1 2 2
2 Daniel Audette Kurtis Gabriel 40 1 2 2
Penalty Kill 4 Players Defense
Defense Defense Time % Phy DF OF
1 Ben Betker Niko Mikkola 60 1 2 2
2 Nicolas Beaudin Jack Ahcan 40 1 2 2
Penalty Kill - 3 Players Forward
Forward Time % Phy DF OF
1 Oskar Lindblom 60 1 2 2
2 Karson Kuhlman 40 1 2 2
Penalty Kill - 3 Players Defense
Defense Defense Time % Phy DF OF
1 Ben Betker Niko Mikkola 60 1 2 2
2 Nicolas Beaudin Jack Ahcan 40 1 2 2
4 vs 4 Forward
Center Wing Time % Phy DF OF
1 Oskar Lindblom Karson Kuhlman 60 1 2 2
2 Daniel Audette Kurtis Gabriel 40 1 2 2
4 vs 4 Defense
Defense Defense Time % Phy DF OF
1 Ben Betker Niko Mikkola 60 1 2 2
2 Nicolas Beaudin Jack Ahcan 40 1 2 2
Last Minutes Offensive
Center Left Wing Right Wing Defense Defense
Karson Kuhlman Oskar Lindblom Kurtis Gabriel Ben Betker Niko Mikkola
Last Minutes Defensive
Center Left Wing Right Wing Defense Defense
Karson Kuhlman Oskar Lindblom Kurtis Gabriel Ben Betker Niko Mikkola
Goaltenders
Starting : Cal Petersen
Backup : Antoine Bibeau
Extra Forwards
Normal : Ryan Suzuki, Carson Meyer, Adam Ruzicka - PP : Ryan Suzuki, Carson Meyer - PK : Adam Ruzicka
Extra Defensemen
Normal : Urho Vaakanainen, Rasmus Sandin, Lassi Thomson - PP : Urho Vaakanainen - PK : Rasmus Sandin, Lassi Thomson
Penalty Shots
Oskar Lindblom, Karson Kuhlman, Daniel Audette, Kurtis Gabriel, Kole Lind
Custom OT Lines Forwards
Oskar Lindblom, Karson Kuhlman, Daniel Audette, Kurtis Gabriel, Kole Lind, Carson Meyer, Warren Foegele, Adam Ruzicka, Jesse Ylonen, Ben Meyers
Custom OT Lines Defensemen
Ben Betker, Niko Mikkola, Nicolas Beaudin, Jack Ahcan, Urho Vaakanainen
Scratches
Joel Kiviranta (Right Leg Injury), Noah Juulsen (Suspend), Jack LaFontaine (Healthy), Carter Gylander (Healthy)
% Time on Ice - Condors
Lines # - Real PCT - Wanted PCT - Time Play
Normal Forward
1 - 32% - 40% - 13:40
2 - 29% - 30% - 12:26
3 - 20% - 20% - 8:23
4 - 20% - 10% - 8:23
Normal Defense
1 - 34% - 40% - 14:40
2 - 36% - 30% - 15:24
3 - 24% - 20% - 10:17
4 - 6% - 10% - 2:31
PP Forward
1 - 56% - 60% - 4:27
2 - 44% - 40% - 3:29
PP Defense
1 - 63% - 60% - 5:01
2 - 37% - 40% - 2:55
PK Forward
1 - 81% - 60% - 6:25
2 - 19% - 40% - 1:32
PK Defense
1 - 73% - 60% - 5:47
2 - 27% - 40% - 2:10
PK3 Forward
1 - 0% - 60%
2 - 0% - 40%
PK3 Defense
1 - 0% - 60%
2 - 0% - 40%
44 Forward
1 - 0% - 60%
2 - 0% - 40%
44 Defense
1 - 0% - 60%
2 - 0% - 40%
Last Minute Offensive - 1:15
Last Minute Defensive - 0:00
Total
Forward - 60:00
Defense - 60:00
|
% Time on Ice - Punishers
Lines # - Real PCT - Wanted PCT - Time Play
Normal Forward
1 - 35% - 40% - 15:12
2 - 29% - 30% - 12:15
3 - 21% - 20% - 8:53
4 - 15% - 10% - 6:32
Normal Defense
1 - 34% - 40% - 14:42
2 - 33% - 30% - 14:09
3 - 27% - 20% - 11:35
4 - 6% - 10% - 2:26
PP Forward
1 - 27% - 60% - 2:09
2 - 73% - 40% - 5:48
PP Defense
1 - 63% - 60% - 4:59
2 - 37% - 40% - 2:58
PK Forward
1 - 78% - 60% - 6:10
2 - 22% - 40% - 1:46
PK Defense
1 - 62% - 60% - 4:53
2 - 38% - 40% - 3:03
PK3 Forward
1 - 0% - 60%
2 - 0% - 40%
PK3 Defense
1 - 0% - 60%
2 - 0% - 40%
44 Forward
1 - 0% - 60%
2 - 0% - 40%
44 Defense
1 - 0% - 60%
2 - 0% - 40%
Last Minute Offensive - 0:00
Last Minute Defensive - 1:15
Total
Forward - 60:00
Defense - 60:00
|
Play-by-Play
1st period
0:01 of 1st period - Tyson Jost wins face-off versus Karson Kuhlman in neutral zone.
0:10 of 1st period - Kurtis Gabriel is hit by Tyson Jost and loses puck.
0:30 of 1st period - Klim Kostin is hit by Jack Ahcan and loses puck.
1:07 of 1st period - Snap shot by Jesse Ylonen.
1:07 of 1st period - Shot Misses the Net.
1:09 of 1st period - Slapshot by Nicolas Beaudin.
1:09 of 1st period - Stopped by Stuart Skinner with a rebound.
1:15 of 1st period - Wrist shot by Jesse Ylonen.
1:15 of 1st period - Stopped by Stuart Skinner without a rebound.
1:16 of 1st period - Kurtis Gabriel wins face-off versus Tyson Jost in Condors zone.
1:21 of 1st period - Snap shot by Oskar Lindblom.
1:21 of 1st period - Shot Blocked by Tyson Jost.
1:41 of 1st period - Jordan Subban is hit by Daniel Audette and loses puck.
2:12 of 1st period - Snap shot by Carson Meyer.
2:12 of 1st period - Shot Blocked by Jordan Subban.
2:14 of 1st period - Wrist shot by Carson Meyer.
2:14 of 1st period - Deflect By Braden Tracey.
2:14 of 1st period - Shot Misses the Net.
2:14 of 1st period - Puck is out of play.
2:15 of 1st period - Oskar Lindblom wins face-off versus Tyson Jost in Condors zone.
3:46 of 1st period - Evan Bouchard is hit by Carson Meyer and loses puck.
4:41 of 1st period - Wrist shot by Taro Hirose.
4:41 of 1st period - Shot Misses the Net.
4:43 of 1st period - Slapshot by Connor Hurley.
4:43 of 1st period - Stopped by Cal Petersen with a rebound.
4:45 of 1st period - Snap shot by Cody Glass.
4:45 of 1st period - Shot Misses the Net.
4:47 of 1st period - Slapshot by Jordan Subban.
4:47 of 1st period - Shot Blocked by Jack Ahcan.
4:49 of 1st period - Snap shot by Connor Hurley.
4:49 of 1st period - Stopped by Cal Petersen with a rebound.
4:51 of 1st period - Slapshot by Connor Hurley.
4:51 of 1st period - Stopped by Cal Petersen without a rebound.
4:52 of 1st period - Tyson Jost wins face-off versus Karson Kuhlman in Punishers zone.
5:23 of 1st period - Slapshot by Adam Erne.
5:23 of 1st period - Stopped by Cal Petersen with a rebound.
5:25 of 1st period - Slapshot by Adam Erne.
5:25 of 1st period - Shot Misses the Net.
5:27 of 1st period - Slapshot by Jordan Subban.
5:27 of 1st period - Deflect By Yegor Sharangovich.
5:27 of 1st period - Shot Blocked by Braden Tracey.
5:27 of 1st period - Puck is out of play.
5:28 of 1st period - Karson Kuhlman wins face-off versus Nick Shore in Punishers zone.
5:33 of 1st period - Alexandre Carrier is hit by Niko Mikkola and loses puck.
5:42 of 1st period - Wrist shot by Karson Kuhlman.
5:42 of 1st period - Stopped by Stuart Skinner with a rebound.
5:44 of 1st period - Wrist shot by Karson Kuhlman.
5:44 of 1st period - Shot Misses the Net.
5:50 of 1st period - Minor Penalty to Nick Shore for Roughing.
5:51 of 1st period - Yegor Sharangovich wins face-off versus Karson Kuhlman in Condors zone.
7:37 of 1st period - Icing by Ben Betker.
7:38 of 1st period - Yegor Sharangovich wins face-off versus Karson Kuhlman in Punishers zone.
7:50 of 1st period - Penalty to Nick Shore is over, Nick Shore is back on ice.
8:05 of 1st period - Wrist shot by Adam Ruzicka.
8:05 of 1st period - Shot Blocked by Evan Bouchard.
8:23 of 1st period - Slapshot by Alexandre Carrier.
8:23 of 1st period - Stopped by Cal Petersen without a rebound.
8:24 of 1st period - Tyson Jost wins face-off versus Kole Lind in Punishers zone.
8:37 of 1st period - Snap shot by Tyson Jost.
8:37 of 1st period - Shot Blocked by Daniel Audette.
8:39 of 1st period - Wrist shot by Adam Erne.
8:39 of 1st period - Stopped by Cal Petersen without a rebound.
8:40 of 1st period - Nick Shore wins face-off versus Karson Kuhlman in Punishers zone.
9:01 of 1st period - Minor Penalty to Oskar Lindblom for Slashing.
9:02 of 1st period - Adam Ruzicka wins face-off versus Nick Shore in Punishers zone.
9:02 of 1st period - Adam Ruzicka is hit by Adam Erne.
9:34 of 1st period - Slapshot by Alexandre Carrier.
9:34 of 1st period - Stopped by Cal Petersen without a rebound.
9:35 of 1st period - Adam Ruzicka wins face-off versus Tyson Jost in Punishers zone.
9:58 of 1st period - Nicolas Beaudin is hit by Alexander Alexeyev and loses puck.
11:01 of 1st period - Penalty to Oskar Lindblom is over, Oskar Lindblom is back on ice.
11:12 of 1st period - Off-side.
11:13 of 1st period - Cody Glass wins face-off versus Ben Meyers in neutral zone.
11:44 of 1st period - Snap shot by Taro Hirose.
11:44 of 1st period - Stopped by Cal Petersen without a rebound.
11:45 of 1st period - Tyson Jost wins face-off versus Karson Kuhlman in Punishers zone.
12:00 of 1st period - Wrist shot by Oskar Lindblom.
12:00 of 1st period - Deflect By Tyson Jost.
12:00 of 1st period - Stopped by Stuart Skinner with a rebound.
12:24 of 1st period - Slapshot by Nick Shore.
12:24 of 1st period - Deflect By Klim Kostin.
12:24 of 1st period - Shot Blocked by Carson Meyer.
12:24 of 1st period - Puck is out of play.
12:25 of 1st period - Nick Shore wins face-off versus Karson Kuhlman in Punishers zone.
12:32 of 1st period - Wrist shot by Nick Shore.
12:32 of 1st period - Goal by Nick Shore - Condors : 1 - Punishers : 0.
12:33 of 1st period - Karson Kuhlman wins face-off versus Tyson Jost in neutral zone.
12:42 of 1st period - Off-side.
12:43 of 1st period - Tyson Jost wins face-off versus Karson Kuhlman in neutral zone.
12:53 of 1st period - Snap shot by Tyson Jost.
12:53 of 1st period - Goal by Tyson Jost - Condors : 2 - Punishers : 0.
12:54 of 1st period - Tyson Jost wins face-off versus Daniel Audette in neutral zone.
12:59 of 1st period - Snap shot by Alexandre Carrier.
12:59 of 1st period - Shot Misses the Net.
13:26 of 1st period - Slapshot by Kurtis Gabriel.
13:26 of 1st period - Shot Blocked by Evan Bouchard.
13:28 of 1st period - Wrist shot by Jack Ahcan.
13:28 of 1st period - Shot Misses the Net.
13:44 of 1st period - Alexandre Carrier is hit by Adam Ruzicka and loses puck.
13:59 of 1st period - Wrist shot by Kole Lind.
13:59 of 1st period - Shot Misses the Net.
14:01 of 1st period - Slapshot by Nicolas Beaudin.
14:01 of 1st period - Stopped by Stuart Skinner without a rebound.
14:02 of 1st period - Daniel Audette wins face-off versus Ryan McLeod in Condors zone.
14:17 of 1st period - Snap shot by Kole Lind.
14:17 of 1st period - Deflect By Ryan McLeod.
14:17 of 1st period - Shot Blocked by Jordan Subban.
14:17 of 1st period - Puck is out of play.
14:18 of 1st period - Karson Kuhlman wins face-off versus Tyson Jost in Condors zone.
14:19 of 1st period - Snap shot by Kurtis Gabriel.
14:19 of 1st period - Goal by Kurtis Gabriel - Condors : 2 - Punishers : 1.
14:20 of 1st period - Yegor Sharangovich wins face-off versus Karson Kuhlman in neutral zone.
14:22 of 1st period - Minor Penalty to Yegor Sharangovich for Roughing.
14:23 of 1st period - Nick Shore wins face-off versus Karson Kuhlman in Condors zone.
14:37 of 1st period - Snap shot by Oskar Lindblom.
14:37 of 1st period - Stopped by Stuart Skinner with a rebound.
15:33 of 1st period - Evan Bouchard is hit by Daniel Audette and loses puck.
16:13 of 1st period - Klim Kostin is hit by Kurtis Gabriel and loses puck.
16:22 of 1st period - Penalty to Yegor Sharangovich is over, Yegor Sharangovich is back on ice.
16:36 of 1st period - Wrist shot by Taro Hirose.
16:36 of 1st period - Stopped by Cal Petersen without a rebound.
16:37 of 1st period - Connor Hurley wins face-off versus Adam Ruzicka in Punishers zone.
17:02 of 1st period - Ryan McLeod is hit by Jesse Ylonen and loses puck.
17:27 of 1st period - Wrist shot by Daniel Audette.
17:27 of 1st period - Shot Hit the Post.
17:29 of 1st period - Snap shot by Warren Foegele.
17:29 of 1st period - Shot Blocked by Jordan Subban.
18:07 of 1st period - Slapshot by Taro Hirose.
18:07 of 1st period - Stopped by Cal Petersen without a rebound.
18:08 of 1st period - Kurtis Gabriel wins face-off versus Tyson Jost in Punishers zone.
18:22 of 1st period - Icing by Alexandre Carrier.
18:23 of 1st period - Tyson Jost wins face-off versus Daniel Audette in Condors zone.
18:30 of 1st period - Niko Mikkola is hit by Evan Bouchard and loses puck.
19:01 of 1st period - Minor Penalty to Kurtis Gabriel for Cross-checking.
19:02 of 1st period - Nick Shore wins face-off versus Oskar Lindblom in Punishers zone.
19:12 of 1st period - Ben Betker is hit by Adam Erne and loses puck.
19:19 of 1st period - Wrist shot by Adam Erne.
19:19 of 1st period - Stopped by Cal Petersen without a rebound.
19:20 of 1st period - Yegor Sharangovich wins face-off versus Oskar Lindblom in Punishers zone.
19:21 of 1st period - Wrist shot by Tyson Jost.
19:21 of 1st period - Stopped by Cal Petersen without a rebound.
19:22 of 1st period - Oskar Lindblom wins face-off versus Tyson Jost in Punishers zone.
19:33 of 1st period - Wrist shot by Oskar Lindblom.
19:33 of 1st period - Shot Misses the Net.
19:35 of 1st period - Wrist shot by Oskar Lindblom.
19:35 of 1st period - Goal by Oskar Lindblom - Condors : 2 - Punishers : 2.
19:36 of 1st period - Karson Kuhlman wins face-off versus Nick Shore in neutral zone.
19:49 of 1st period - Wrist shot by Oskar Lindblom.
19:49 of 1st period - Stopped by Stuart Skinner without a rebound.
19:50 of 1st period - Oskar Lindblom wins face-off versus Nick Shore in Condors zone.
Goals for this period are 2 for Condors vs 2 for Punishers.
Shots for this period are 14 for Condors vs 9 for Punishers.
2nd period
0:01 of 2nd period - Oskar Lindblom wins face-off versus Nick Shore in neutral zone.
1:01 of 2nd period - Penalty to Kurtis Gabriel is over, Kurtis Gabriel is back on ice.
2:09 of 2nd period - Snap shot by Adam Erne.
2:09 of 2nd period - Stopped by Cal Petersen without a rebound.
2:10 of 2nd period - Tyson Jost wins face-off versus Karson Kuhlman in Punishers zone.
2:15 of 2nd period - Snap shot by Tyson Jost.
2:15 of 2nd period - Stopped by Cal Petersen with a rebound.
2:48 of 2nd period - Icing by Nicolas Beaudin.
2:49 of 2nd period - Adam Ruzicka wins face-off versus Tyson Jost in Punishers zone.
2:52 of 2nd period - Slapshot by Tyson Jost.
2:52 of 2nd period - Stopped by Cal Petersen without a rebound.
2:53 of 2nd period - Karson Kuhlman wins face-off versus Tyson Jost in Punishers zone.
2:53 of 2nd period - Karson Kuhlman is hit by Alexander Alexeyev.
3:23 of 2nd period - Slapshot by Martin Frk.
3:23 of 2nd period - Deflect By Ben Betker.
3:23 of 2nd period - Shot Misses the Net.
3:23 of 2nd period - Puck is out of play.
3:24 of 2nd period - Nick Shore wins face-off versus Daniel Audette in Punishers zone.
3:49 of 2nd period - Karson Kuhlman is hit by Tyson Jost and loses puck.
4:17 of 2nd period - Adam Ruzicka is hit by Alexander Alexeyev and loses puck.
4:32 of 2nd period - Jordan Subban is hit by Warren Foegele and loses puck.
5:10 of 2nd period - Off-side.
5:11 of 2nd period - Karson Kuhlman wins face-off versus Adam Erne in neutral zone.
6:04 of 2nd period - Evan Bouchard is hit by Braden Tracey and loses puck.
6:22 of 2nd period - Snap shot by Jesse Ylonen.
6:22 of 2nd period - Shot Misses the Net.
6:24 of 2nd period - Slapshot by Niko Mikkola.
6:24 of 2nd period - Stopped by Stuart Skinner without a rebound.
6:25 of 2nd period - Ben Meyers wins face-off versus Ryan McLeod in Condors zone.
6:38 of 2nd period - Wrist shot by Pontus Holmberg.
6:38 of 2nd period - Stopped by Cal Petersen without a rebound.
6:39 of 2nd period - Tyson Jost wins face-off versus Karson Kuhlman in Punishers zone.
6:50 of 2nd period - Yegor Sharangovich is hit by Oskar Lindblom and loses puck.
6:55 of 2nd period - Snap shot by Kurtis Gabriel.
6:55 of 2nd period - Stopped by Stuart Skinner with a rebound.
7:40 of 2nd period - Nicolas Beaudin is hit by Taro Hirose and loses puck.
8:18 of 2nd period - Icing by Niko Mikkola.
8:19 of 2nd period - Ben Meyers wins face-off versus Adam Erne in Punishers zone.
8:33 of 2nd period - Jordan Subban is hit by Niko Mikkola and loses puck.
8:48 of 2nd period - Snap shot by Kurtis Gabriel.
8:48 of 2nd period - Stopped by Stuart Skinner without a rebound.
8:49 of 2nd period - Nick Shore wins face-off versus Karson Kuhlman in Condors zone.
9:14 of 2nd period - Kole Lind is hit by Adam Erne and loses puck.
9:23 of 2nd period - Snap shot by Adam Erne.
9:23 of 2nd period - Shot Blocked by Kole Lind.
9:25 of 2nd period - Slapshot by Evan Bouchard.
9:25 of 2nd period - Stopped by Cal Petersen without a rebound.
9:26 of 2nd period - Karson Kuhlman wins face-off versus Tyson Jost in Punishers zone.
9:41 of 2nd period - Snap shot by Adam Erne.
9:41 of 2nd period - Shot Blocked by Kurtis Gabriel.
10:14 of 2nd period - Adam Ruzicka is hit by Taro Hirose and loses puck.
10:22 of 2nd period - Icing by Jack Ahcan.
10:23 of 2nd period - Adam Ruzicka wins face-off versus Tyson Jost in Punishers zone.
10:33 of 2nd period - Minor Penalty to Adam Ruzicka for Holding.
10:34 of 2nd period - Oskar Lindblom wins face-off versus Nick Shore in Punishers zone.
10:42 of 2nd period - Karson Kuhlman is hit by Nick Shore and loses puck.
11:01 of 2nd period - Tyson Jost is hit by Kurtis Gabriel and loses puck.
11:08 of 2nd period - Wrist shot by Daniel Audette.
11:08 of 2nd period - Shot Misses the Net.
11:48 of 2nd period - Ben Betker is hit by Alexander Alexeyev and loses puck.
12:09 of 2nd period - Klim Kostin is hit by Nicolas Beaudin and loses puck.
12:33 of 2nd period - Penalty to Adam Ruzicka is over, Adam Ruzicka is back on ice.
13:54 of 2nd period - Jesse Ylonen is hit by Klim Kostin and loses puck.
13:58 of 2nd period - Icing by Jesse Ylonen.
13:59 of 2nd period - Nick Shore wins face-off versus Ben Meyers in Punishers zone.
14:00 of 2nd period - Snap shot by Martin Frk.
14:00 of 2nd period - Shot Misses the Net.
14:36 of 2nd period - Jack Ahcan is hit by Nikolai Knyzhov.
14:50 of 2nd period - Philip Broberg is hit by Nicolas Beaudin.
15:10 of 2nd period - Niko Mikkola is hit by Alexandre Carrier and loses puck.
15:33 of 2nd period - Ben Betker is hit by Alexander Alexeyev and loses puck.
15:38 of 2nd period - Slapshot by Martin Frk.
15:38 of 2nd period - Stopped by Cal Petersen without a rebound.
15:39 of 2nd period - Karson Kuhlman wins face-off versus Tyson Jost in Punishers zone.
16:11 of 2nd period - Wrist shot by Daniel Audette.
16:11 of 2nd period - Stopped by Stuart Skinner with a rebound.
16:13 of 2nd period - Wrist shot by Kole Lind.
16:13 of 2nd period - Shot Misses the Net.
16:15 of 2nd period - Slapshot by Jack Ahcan.
16:15 of 2nd period - Stopped by Stuart Skinner with a rebound.
16:17 of 2nd period - Snap shot by Daniel Audette.
16:17 of 2nd period - Shot Misses the Net.
16:24 of 2nd period - Icing by Alexandre Carrier.
16:25 of 2nd period - Connor Hurley wins face-off versus Adam Ruzicka in Condors zone.
16:25 of 2nd period - Connor Hurley is hit by Carson Meyer.
16:35 of 2nd period - Snap shot by Taro Hirose.
16:35 of 2nd period - Shot Blocked by Adam Ruzicka.
16:37 of 2nd period - Slapshot by Alexandre Carrier.
16:37 of 2nd period - Deflect By Taro Hirose.
16:37 of 2nd period - Shot Misses the Net.
16:37 of 2nd period - Puck is out of play.
16:38 of 2nd period - Tyson Jost wins face-off versus Karson Kuhlman in Punishers zone.
16:39 of 2nd period - Snap shot by Adam Erne.
16:39 of 2nd period - Deflect By Tyson Jost.
16:39 of 2nd period - Stopped by Cal Petersen with a rebound.
16:41 of 2nd period - Wrist shot by Yegor Sharangovich.
16:41 of 2nd period - Shot Misses the Net.
16:43 of 2nd period - Slapshot by Alexander Alexeyev.
16:43 of 2nd period - Shot Blocked by Niko Mikkola.
16:45 of 2nd period - Snap shot by Tyson Jost.
16:45 of 2nd period - Stopped by Cal Petersen without a rebound.
16:46 of 2nd period - Tyson Jost wins face-off versus Karson Kuhlman in Punishers zone.
17:06 of 2nd period - Slapshot by Tyson Jost.
17:06 of 2nd period - Stopped by Cal Petersen with a rebound.
17:08 of 2nd period - Slapshot by Alexander Alexeyev.
17:08 of 2nd period - Shot Misses the Net.
17:24 of 2nd period - Snap shot by Oskar Lindblom.
17:24 of 2nd period - Stopped by Stuart Skinner without a rebound.
17:25 of 2nd period - Daniel Audette wins face-off versus Nick Shore in Condors zone.
17:26 of 2nd period - Snap shot by Kole Lind.
17:26 of 2nd period - Stopped by Stuart Skinner with a rebound.
17:28 of 2nd period - Snap shot by Kole Lind.
17:28 of 2nd period - Stopped by Stuart Skinner with a rebound.
17:30 of 2nd period - Snap shot by Jack Ahcan.
17:30 of 2nd period - Stopped by Stuart Skinner without a rebound.
17:31 of 2nd period - Daniel Audette wins face-off versus Nick Shore in Condors zone.
17:38 of 2nd period - Snap shot by Kole Lind.
17:38 of 2nd period - Stopped by Stuart Skinner with a rebound.
17:40 of 2nd period - Slapshot by Jack Ahcan.
17:40 of 2nd period - Shot Misses the Net.
17:42 of 2nd period - Slapshot by Nicolas Beaudin.
17:42 of 2nd period - Shot Blocked by Evan Bouchard.
18:22 of 2nd period - Wrist shot by Kurtis Gabriel.
18:22 of 2nd period - Stopped by Stuart Skinner with a rebound.
18:43 of 2nd period - Warren Foegele is hit by Pontus Holmberg and loses puck.
19:00 of 2nd period - Rasmus Sandin is hit by Alexander Alexeyev.
19:29 of 2nd period - Wrist shot by Tyson Jost.
19:29 of 2nd period - Stopped by Cal Petersen with a rebound.
19:31 of 2nd period - Snap shot by Tyson Jost.
19:31 of 2nd period - Shot Misses the Net.
19:43 of 2nd period - Slapshot by Oskar Lindblom.
19:43 of 2nd period - Shot Misses the Net.
19:45 of 2nd period - Slapshot by Urho Vaakanainen.
19:45 of 2nd period - Stopped by Stuart Skinner without a rebound.
19:46 of 2nd period - Taro Hirose wins face-off versus Karson Kuhlman in Condors zone.
Goals for this period are 0 for Condors vs 0 for Punishers.
Shots for this period are 10 for Condors vs 12 for Punishers.
3rd period
0:01 of 3rd period - Karson Kuhlman wins face-off versus Tyson Jost in neutral zone.
1:10 of 3rd period - Icing by Adam Ruzicka.
1:11 of 3rd period - Connor Hurley wins face-off versus Adam Ruzicka in Punishers zone.
1:45 of 3rd period - Snap shot by Carson Meyer.
1:45 of 3rd period - Stopped by Stuart Skinner with a rebound.
1:55 of 3rd period - Snap shot by Carson Meyer.
1:55 of 3rd period - Stopped by Stuart Skinner with a rebound.
1:57 of 3rd period - Snap shot by Carson Meyer.
1:57 of 3rd period - Goal by Carson Meyer - Condors : 2 - Punishers : 3.
1:58 of 3rd period - Tyson Jost wins face-off versus Karson Kuhlman in neutral zone.
2:09 of 3rd period - Wrist shot by Tyson Jost.
2:09 of 3rd period - Stopped by Cal Petersen with a rebound.
2:11 of 3rd period - Slapshot by Yegor Sharangovich.
2:11 of 3rd period - Shot Misses the Net.
2:13 of 3rd period - Snap shot by Tyson Jost.
2:13 of 3rd period - Shot Misses the Net.
2:19 of 3rd period - Minor Penalty to Ben Betker for Holding.
2:20 of 3rd period - Oskar Lindblom wins face-off versus Adam Erne in Punishers zone.
2:25 of 3rd period - Wrist shot by Oskar Lindblom.
2:25 of 3rd period - Stopped by Stuart Skinner with a rebound.
2:57 of 3rd period - Slapshot by Yegor Sharangovich.
2:57 of 3rd period - Shot Misses the Net.
4:19 of 3rd period - Penalty to Ben Betker is over, Ben Betker is back on ice.
4:40 of 3rd period - Snap shot by Taro Hirose.
4:40 of 3rd period - Stopped by Cal Petersen without a rebound.
4:41 of 3rd period - Adam Ruzicka wins face-off versus Connor Hurley in Punishers zone.
5:06 of 3rd period - Jesse Ylonen is hit by Raphael Lavoie and loses puck.
5:59 of 3rd period - Snap shot by Carson Meyer.
5:59 of 3rd period - Stopped by Stuart Skinner with a rebound.
6:01 of 3rd period - Slapshot by Niko Mikkola.
6:01 of 3rd period - Stopped by Stuart Skinner with a rebound.
6:03 of 3rd period - Wrist shot by Adam Ruzicka.
6:03 of 3rd period - Shot Blocked by Connor Hurley.
6:21 of 3rd period - Wrist shot by Martin Frk.
6:21 of 3rd period - Stopped by Cal Petersen without a rebound.
6:22 of 3rd period - Karson Kuhlman wins face-off versus Tyson Jost in Punishers zone.
6:47 of 3rd period - Karson Kuhlman is hit by Raphael Lavoie and loses puck.
7:35 of 3rd period - Wrist shot by Pontus Holmberg.
7:35 of 3rd period - Shot Blocked by Oskar Lindblom.
9:14 of 3rd period - Snap shot by Ryan McLeod.
9:14 of 3rd period - Shot Misses the Net.
9:16 of 3rd period - Wrist shot by Pontus Holmberg.
9:16 of 3rd period - Shot Misses the Net.
9:23 of 3rd period - Double Minor Penalty to Ryan McLeod for High sticking.
9:24 of 3rd period - Daniel Audette wins face-off versus Nick Shore in Condors zone.
10:47 of 3rd period - Off-side.
10:48 of 3rd period - Yegor Sharangovich wins face-off versus Adam Ruzicka in neutral zone.
10:53 of 3rd period - Carson Meyer is hit by Evan Bouchard and loses puck.
13:23 of 3rd period - Penalty to Ryan McLeod is over, Ryan McLeod is back on ice.
14:56 of 3rd period - Yegor Sharangovich is hit by Kole Lind and loses puck.
17:28 of 3rd period - Marcus Karlberg is hit by Klim Kostin.
17:44 of 3rd period - Warren Foegele is hit by Taro Hirose and loses puck.
18:52 of 3rd period - Cody Glass is hit by Karson Kuhlman and loses puck.
19:03 of 3rd period - Wrist shot by Karson Kuhlman.
19:03 of 3rd period - Shot Blocked by Taro Hirose.
19:07 of 3rd period - Snap shot by Karson Kuhlman.
19:07 of 3rd period - Stopped by Stuart Skinner without a rebound.
19:08 of 3rd period - Kris Knoblauch call a timeout for Condors.
19:08 of 3rd period - Karson Kuhlman wins face-off versus Connor Hurley in Condors zone.
19:11 of 3rd period - Slapshot by Karson Kuhlman.
19:11 of 3rd period - Deflect By Oskar Lindblom.
19:11 of 3rd period - Stopped by Stuart Skinner with a rebound.
19:13 of 3rd period - Wrist shot by Niko Mikkola.
19:13 of 3rd period - Stopped by Stuart Skinner with a rebound.
19:15 of 3rd period - Snap shot by Ben Betker.
19:15 of 3rd period - Stopped by Stuart Skinner with a rebound.
19:17 of 3rd period - Slapshot by Karson Kuhlman.
19:17 of 3rd period - Punishers goal is going for a video replay.
19:17 of 3rd period - The goal is refused. The puck has entered the net after making contact with an attacking player’s stick that is above the height of the crossbar..
19:18 of 3rd period - Connor Hurley wins face-off versus Karson Kuhlman in Condors zone.
19:31 of 3rd period - Wrist shot by Oskar Lindblom.
19:31 of 3rd period - Shot Misses the Net.
19:33 of 3rd period - Wrist shot by Niko Mikkola.
19:33 of 3rd period - Stopped by Stuart Skinner without a rebound.
19:34 of 3rd period - Karson Kuhlman wins face-off versus Connor Hurley in Condors zone.
19:59 of 3rd period - Condors, Stuart Skinner is pulled from the net.
19:59 of 3rd period - Wrist shot by Connor Hurley.
19:59 of 3rd period - Stopped by Cal Petersen without a rebound.
Goals for this period are 0 for Condors vs 1 for Punishers.
Shots for this period are 4 for Condors vs 12 for Punishers.
Output by the SimonT Hockey Simulator (STHS) for Francois Prevost